Description

copy of mc build without probes

Build Order

Get SALT Encoding   

  12  0:01  Probe (Chrono Boost)  
  13  0:12  Probe (Chrono Boost)  
  14  0:18  Pylon  
  14  0:22  Probe (Chrono Boost)  
  15  0:36  Probe (Chrono Boost)  
  15  0:42  Gateway  
  16  0:46  Probe (Chrono Boost)  
  17  0:52  Assimilator  
  18  0:57  Probe (Chrono Boost)  
  18  1:07  Probe (Chrono Boost)  
  19  1:19  Nexus  
  19  1:29  Cybernetics Core  
  19  1:33  Probe (Chrono Boost)  
  19  1:38  Assimilator  
  20  1:43  Probe (Chrono Boost)  
  22  1:54  Probe (Chrono Boost)  
  22  1:55  Pylon  
  23  2:13  Adept (Chrono Boost)  
  27  2:15  Mothership Core (Chrono Boost)  
  27  2:20  Warp Gate (Chrono Boost)  
  26  2:34  Pylon  
  29  2:45  Twilight Council  
  32  3:01  Sentry  
  38  3:20  Gateway x2  
  38  3:28  Blink (Chrono Boost)  
  41  3:53  Robotics Facility  
  43  3:59  Pylon  
  45  4:15  Assimilator x2, Pylon  
  46  4:30  Sentry, Gateway  
  48  4:32  Stalker  
  46  4:30  Gateway  
  48  4:32  Stalker  
  53  4:45  Observer (Chrono Boost)  
  57  4:58  Nexus  
  59  5:10  Observer (Chrono Boost)  
  60  5:17  Robotics Bay  
  62  5:22  Stalker  
  64  5:32  Observer (Chrono Boost)  
  67  5:40  Stalker  
  73  6:00  Stalker x4  
  83  6:10  Colossus (Chrono Boost)  
  83  6:18  Charge (Chrono Boost)  
  93  6:29  Extended Thermal Lance (Chrono Boost)  
  93  6:33  Assimilator  
  93  6:37  Gateway  
  93  6:33  Assimilator  
  93  6:37  Gateway  
  95  6:52  Zealot x4  
  105  7:02  Colossus (Chrono Boost)  
  111  7:13  Stalker  
  113  7:22  Forge x2  
  117  7:49  Colossus (Chrono Boost), Protoss Ground Armor Level 1 (Chrono Boost)  
  117  7:50  Protoss Ground Weapons Level 1 (Chrono Boost)  
  123  8:01  Templar Archives  
  122  8:18  Nexus  
  123  8:20  Photon Cannon x3  
  123  8:26  Photon Cannon x3  
  124  8:42  High Templar x4  
  124  8:43  Zealot x3  
  124  8:44  Colossus (Chrono Boost)  
  145  8:49  Archon x2  
  146  9:05  Zealot x3  
  154  9:13  Psionic Storm  
  154  9:14  Assimilator  
  154  9:16  High Templar x4  
  154  9:14  Assimilator  
  163  9:20  Archon x2  
  164  9:32  Gateway x2  
  172  9:44  Warp Prism  
  168  9:51  High Templar x2  
Spawning Tool Build Advisor. Get it on Overwolf

Go to:

Details

  • Created by: Barnuckle
  • Published on: Jun 20, 2017
  • Modified on: Jun 20, 2017
  • Patch: 3.8.0
Show
View Real Time Build Order
Export as new Build Order

Comments (0)

There are no comments. Be the first!

Create an account to comment!